 Dungeon Crawl Stone Soup version 0.24-a0-194-g9bee6eb (webtiles) character file.

Game seed: 1904032488827019203

90 gruber the Shooter (level 4, -4/41 HPs)
             Began as a Centaur Hunter on Mar 18, 2019.
             Killed from afar by Sigmund (6 damage)
             ... with a magic dart
             ... on level 3 of the Dungeon.
             The game lasted 00:03:01 (2190 turns).

gruber the Shooter (Centaur Hunter)                 Turns: 2190, Time: 00:03:02

Health: -4/41      AC:  4    Str: 18    XL:     4   Next: 32%
Magic:  4/4        EV:  9    Int: 10    God:
Gold:   48         SH:  0    Dex: 10    Spells: 3/3 levels left

rFire    . . .     SeeInvis .   a - +1 shortbow
rCold    . . .     Gourm    .   (shield currently unavailable)
rNeg     . . .     Faith    .   u - +0 leather armour (curse)
rPois    .         Spirit   .   (no helmet)
rElec    .         Reflect  .   (no cloak)
rCorr    .         Harm     .   (no gloves)
MR       .....                  (no barding)
Stlth    +.........             (no amulet)
HPRegen  0.13/turn              r - +3 ring of strength
MPRegen  0.09/turn              (no ring)

@: flying, very quick
A: large, hooves 3, deformed body, speed 2, tough skin 3
a: no special abilities


You were on level 3 of the Dungeon.
You were not hungry.

You visited 1 branch of the dungeon, and saw 3 of its levels.

You collected 48 gold pieces.

Inventory:

Hand Weapons
 a - a +1 shortbow (weapon)
 h - a +1 spear of freezing
 p - a +0 blowgun
Missiles
 d - 88 arrows (quivered)
 q - 18 poisoned needles
Armour
 t - a +2 chain mail of cold resistance
 u - a cursed +0 leather armour (worn)
Jewellery
 r - a +3 ring of strength (left hand)
Scrolls
 b - a scroll of fog {unknown}
 g - a scroll of enchant weapon {unknown}
 i - a scroll of random uselessness {unknown}
 j - 3 scrolls of identify {unknown}
 k - a scroll of noise {unknown}
Potions
 l - 2 potions of flight
 m - a potion of lignification {unknown}
 n - 2 potions of magic {unknown}
 o - a potion of haste {unknown}
 s - a potion of agility {unknown}
Comestibles
 f - 7 rations


   Skills:
 * Level 4.6 Fighting
 - Level 5.3 Bows
 - Level 1.3 Dodging
 - Level 0.4 Stealth


You had 3 spell levels left.
You didn't know any spells.
Your spell library contained the following spells:

 Spells                   Type           Power        Failure   Level  Hunger
 Beastly Appendage        Tmut           #.....       41%         1    ##.....
 Sticks to Snakes         Tmut           #.......     56%         2    ###....
 Spider Form              Tmut/Pois      #.........   80%         3    ####...
 Ice Form                 Ice/Tmut       #.......     99%         4    #####..
 Blade Hands              Tmut           #.........   100%        5    ######.


Dungeon Overview and Level Annotations

Branches:
Dungeon (3/15)

Altars:
Ashenzari
Trog
Vehumet

Annotations:
D:3 Sigmund


Innate Abilities, Weirdness & Mutations

You have hooves in place of feet.
Armour fits poorly on your strangely shaped body.
You cover ground very quickly.
You have extremely tough skin. (AC +3)


Message History

You fly up into the air.
You hear some strange, mumbled words.
Something tries to affect you, but you resist.
Okay, then.
Unknown command.
Unknown command.
You feel better.
You hear some strange, mumbled words.
A puff of flame appears from out of thin air!
The puff of flame hits you!
* * * LOW HITPOINT WARNING * * *
A puff of flame appears from out of thin air!
The puff of flame hits you!
* * * LOW HITPOINT WARNING * * *
You see here a rat corpse.
Sigmund appears from thin air!
Reactivating autopickup.
Sigmund points at you and mumbles some strange words.
The magic dart hits you.
You die...

.......# ##.## #........ #.#....#
#.# #####.### ..#.#### #.# #.#
..#+## ###.##### #.### ##...##
#.......# #.... #.....###.#.###.#
######.### ..............#.#
#....#.# #
....)...#.#.....########......###
........+.......@†....@........((
........#.#.....#########....####
........#.......# #.#.## #
#.....#.###..##### #.###
##...##..........# #.#
##'#####.#..###.# #.# #.# #.##.#
#.# #.. ###.#####.##.# #.# ###
#............###.#


You could see Sigmund.

Vanquished Creatures
  2 adders (D:3)
  2 worms (D:3)
  A dart slug (D:1)
  4 leopard geckos
  An orc (D:3)
  A giant cockroach (D:2)
  8 hobgoblins
  3 jackals (D:3)
  A quokka (D:2)
  A ball python (D:1)
  7 bats
  A frilled lizard (D:1)
  7 goblins
  8 kobolds
  7 rats
54 creatures vanquished.

Notes
Turn   | Place    | Note
-------+----------+-------------------------------------------
     0 | D:1      | gruber the Centaur Hunter began the quest for the Orb.
     0 | D:1      | Reached XP level 1. HP: 17/17 MP: 1/1
   300 | D:1      | Reached XP level 2. HP: 13/25 MP: 2/2
  1012 | D:2      | Reached XP level 3. HP: 27/31 MP: 3/3
  1586 | D:3      | Found a radiant altar of Vehumet.
  1724 | D:3      | Reached XP level 4. HP: 41/41 MP: 4/4
  1755 | D:3      | Found a shattered altar of Ashenzari.
  1755 | D:3      | Found a bloodstained altar of Trog.
  2136 | D:3      | Noticed Sigmund
  2188 | D:3      | HP: 2/41 [something/puff of flame (8)]
  2190 | D:3      | Killed from afar by Sigmund

Levels and vault maps discovered:
D:1:      minmay_arrival_wavy_path, layout_loops_ring
D:2:      layout_loops_ring
D:3:      layout_loops_corners, chequers_temple_overflow_statue_of_worship,
          fiery_altar_vehumet, first_ration, serial_bayou_pond_d,
          minmay_misc_feat_roman, uniq_sigmund

Skill      XL: |  1  2  3 |
---------------+----------+-----
Fighting       | 3 4 |  4.6
Bows           | |  5.3
Dodging        | |  1.3
Stealth        | |  0.4

Action                   |  1- 3 |  4- 6 || total
-------------------------+-------+-------++-------
Melee: Short sword       |    51 |       ||    51
       Kick              |    20 |     3 ||    23
       Spear             |    84 |    33 ||   117
 Fire: Shortbow          |       |     5 ||     5
  Use: Potion            |       |     3 ||     3
  Eat: Chunk             |     1 |     2 ||     3
Armor: Leather armour    |    41 |     8 ||    49
Dodge: Dodged            |    43 |    12 ||    55

Table legend:
 A = Non-vault XP
 B = Vault XP
 C = Vault XP percentage of total XP
 D = Non-vault monster count
 E = Vault monster count
 F = Vault count percentage of total count
                 A         B        C        D         E       F
            +---------+---------+-------+---------+---------+-------
      Total |     129 |       0 |   0.0 |      54 |       0 |   0.0
            +---------+---------+-------+---------+---------+-------
        D:1 |      37 |       0 |   0.0 |      20 |       0 |   0.0
        D:2 |      38 |       0 |   0.0 |      22 |       0 |   0.0
        D:3 |      54 |       0 |   0.0 |      12 |       0 |   0.0
            +---------+---------+-------+---------+---------+-------
